 Dungeon Crawl Stone Soup version 0.27.1-34-g3ba077fa99 (webtiles) character file.

Game seed: 9916802571382699871

151 pkoi the Insei (level 5, 0/45 HPs)
             Began as a Draconian Monk on Jan 12, 2022.
             Succumbed to a water moccasin's poison
             ... on level 3 of the Dungeon.
             The game lasted 00:02:43 (2338 turns).

pkoi the Insei (Draconian Monk)                     Turns: 2338, Time: 00:02:43

Health: 0/45       AC:  5    Str: 13    XL:     5   Next: 10%
Magic:  5/5        EV: 12    Int: 11    God:
Gold:   135        SH:  0    Dex: 14    Spells: 4/4 levels left

rFire    + . .     SeeInvis .     - Unarmed
rCold    + . .     Faith    .   (no shield)
rNeg     . . .     Spirit   .   (armour unavailable)
rPois    +         Reflect  .   (helmet restricted)
rElec    +         Harm     .   (no cloak)
rCorr    +         Rampage  .   (no gloves)
Will     .....                  (no boots)
Stlth    ++........             (no amulet)
HPRegen  0.15/turn              (no ring)
MPRegen  0.09/turn              (no ring)

@: lethally poisoned (0 -> -7), resistant
A: AC +5, unfitting armour, cold-blooded
a: no special abilities


You were on level 3 of the Dungeon.
You visited 1 branch of the dungeon, and saw 3 of its levels.

You collected 135 gold pieces.

Inventory:

Hand Weapons
 a - a +1 whip of draining
 c - a +2 short sword of holy wrath
 d - a +1 dagger of venom
Scrolls
 e - a scroll of enchant armour


   Skills:
 - Level 3.2 Fighting
 - Level 2.6 Dodging
 - Level 1.7 Stealth
 + Level 5.8 Unarmed Combat


You had 4 spell levels left.
You didn't know any spells.
Your spell library was empty.

Dungeon Overview and Level Annotations

Branches:
Dungeon (3/15)

Altars:
The Shining One

Shops:
D:1 *


Innate Abilities, Weirdness & Mutations

Your plain brown scales are hard. (AC +5)
You cannot fit into any form of body armour.
You are cold-blooded and may be slowed by cold attacks.


Message History

The water moccasin completely misses you.
The water moccasin barely misses you.
You hit the water moccasin.
Your tail-slap misses the water moccasin.
The water moccasin is moderately wounded.
You feel sick. The water moccasin bites you.
* * * LOW HITPOINT WARNING * * *
You are lethally poisoned!
The water moccasin poisons you!
It was a potion of resistance.
You feel protected.
* * * LOW HITPOINT WARNING * * *
You feel very sick. The water moccasin misses you.
You hit the water moccasin.
The water moccasin is moderately wounded.
* * * LOW HITPOINT WARNING * * *
You feel very sick. The water moccasin barely misses you.
You punch the water moccasin!
The water moccasin is severely wounded.
* * * LOW HITPOINT WARNING * * *
You feel very sick.
The water moccasin closely misses you. x2
You hit the water moccasin.
The water moccasin is almost dead.
* * * LOW HITPOINT WARNING * * *
You feel very sick. The water moccasin barely misses you.
Unknown command.
As you read the scroll labelled POBOT TUATAWKA, it crumbles to dust.
It is a scroll of identify.
e - a scroll of enchant armour
* * * LOW HITPOINT WARNING * * *
You feel sick. The water moccasin barely misses you.
You aren't carrying any potions.
Unknown command.
You hit the water moccasin but do no damage.
The water moccasin is almost dead.
You die...

######## #......#
#......# ### #......#
#.. #)...S.#
########.. #....@.###
#.....##[. #........#
#.###.##..
###......####.###.##..
#...................
#....>..............
#....†.###########..
#......# #.. #......#
#.. #......#
###########


You could see a water moccasin.

Vanquished Creatures
  An iguana (D:3)
  An orc wizard (D:3)
  3 adders (D:2)
  A worm (D:2)
  3 dart slugs
  4 orcs (D:3)
  A bat zombie (D:2)
  7 endoplasms
  2 giant cockroaches
  5 hobgoblins
  6 kobolds
  2 quokkas
  5 ball pythons
  3 bats
  5 frilled lizards
  4 goblins
  7 rats
60 creatures vanquished.

Vanquished Creatures (others)
  6 plants (D:1)
  2 withered plants (D:2)
8 creatures vanquished.

Grand Total: 68 creatures vanquished

Notes
Turn   | Place    | Note
-------+----------+-------------------------------------------
     0 | D:1      | pkoi the Draconian Monk began the quest for the Orb.
     0 | D:1      | Reached XP level 1. HP: 19/19 MP: 1/1
   222 | D:1      | Reached XP level 2. HP: 20/26 MP: 2/2
   471 | D:1      | Found Melot's General Store.
   632 | D:1      | Reached skill level 4 in Unarmed Combat
   633 | D:1      | Found a faded altar of an unknown god.
   808 | D:1      | Reached XP level 3. HP: 31/31 MP: 3/3
  1415 | D:2      | Reached skill level 5 in Unarmed Combat
  1415 | D:2      | Reached XP level 4. HP: 27/38 MP: 4/4
  1741 | D:2      | Found a glowing golden altar of the Shining One.
  2211 | D:3      | Reached XP level 5. HP: 44/45 MP: 5/5
  2314 | D:3      | Noticed a water moccasin
  2337 | D:3      | HP: 2/45 [poisoned by a water moccasin]
  2338 | D:3      | Succumbed to a water moccasin's poison

Illustrated notes

Levels and vault maps discovered:
D:1:      lemuel_arrival_funnel, layout_rooms, serial_shops, shop,
          shapermc_ecumenical_altar_mp_ritualfount, lemuel_another_geyser
D:2:      layout_basic, serial_undead, serial_undead_f, serial_undead_b,
          serial_undead_e, serial_undead_e, basic_altar, st_stairs_5
D:3:      layout_basic

Skill      XL: |  1  2  3 |
---------------+----------+-----
Unarmed Combat | 4 5 |  5.8
Fighting       | |  3.2
Dodging        | |  2.6
Stealth        | |  1.7

Action                   |  1- 3 |  4- 6 || total
-------------------------+-------+-------++-------
Melee: Unarmed           |   115 |    80 ||   195
       Tailslap          |    12 |     6 ||    18
       Punch             |     2 |     2 ||     4
       Dagger            |       |     7 ||     7
  Use: Potion            |     3 |     3 ||     6
       Scroll            |       |     1 ||     1
 Stab: Sleeping          |     7 |     2 ||     9
Armor: Skin              |    43 |    24 ||    67
Dodge: Dodged            |    61 |    52 ||   113
